 Dungeon Crawl Stone Soup version 0.28-a0-1130-gc51a68064b (webtiles) character file.

Game seed: 15464315467081560585

18411 pokeman the Eclecticist (level 12, -15/66 HPs)
             Began as a Deep Elf Hedge Wizard on Dec 11, 2021.
             Was a Priest of Vehumet.
             Engulfed by a cloud of freezing vapour (20 damage)
             ... on level 12 of the Dungeon on Dec 12, 2021.
             The game lasted 00:53:26 (16843 turns).

pokeman the Eclecticist (Deep Elf Hedge Wizard)    Turns: 16843, Time: 00:53:27

Health: -15/66     AC: 11    Str:  7    XL:     12   Next: 27%
Magic:  22/34      EV: 12    Int: 31    God:    Vehumet [***...]
Gold:   466        SH:  0    Dex: 14    Spells: 27/44 levels left

rFire   + . .      SeeInvis .   R - +2 quarterstaff (spect)
rCold   . . .      Faith    .   (shield currently unavailable)
rNeg    . . .      Spirit   .   T - +0 troll leather armour
rPois   .          Reflect  .   z - +0 helmet
rElec   .          Harm     .   c - +1 cloak
rCorr   .          Rampage  .   o - +0 pair of gloves
Will    +....                   F - +0 pair of boots
Stlth   ++........              O - amulet of the acrobat
HPRegen 1.01/turn               k - ring of protection from fire
MPRegen 0.24/turn               v - +6 ring of intelligence

@: on blink cooldown, studying Bows
A: no striking features
a: Renounce Religion


You were on level 12 of the Dungeon.
You worshipped Vehumet.
Vehumet was most pleased with you.
You visited 1 branch of the dungeon, and saw 14 of its levels.
You also visited: Sewer.

You collected 610 gold pieces.
You spent 144 gold pieces at shops.

Inventory:

Hand Weapons
 p - a +2 whip of venom
 N - a +1 shortbow of flaming
 R - a +2 spectral quarterstaff (weapon)
Missiles
 i - 185 arrows
 m - a throwing net
 H - 97 bolts
Armour
 c - a +1 cloak (worn)
 o - a +0 pair of gloves (worn)
 z - a +0 helmet (worn)
 F - a +0 pair of boots (worn)
 T - a +0 troll leather armour (worn)
Magical Staves
 e - a staff of cold
 C - a staff of air
Jewellery
 k - a ring of protection from fire (left hand)
 v - a +6 ring of intelligence (right hand)
 y - a ring of willpower
 G - a ring of positive energy
 K - a +6 ring of dexterity
 O - an amulet of the acrobat (around neck)
 U - a ring of ice
Wands
 A - a wand of mindburst (15)
 L - a wand of flame (19)
 M - a wand of charming (6)
 P - a wand of iceblast (11)
Scrolls
 a - 10 scrolls of teleportation {unknown}
 b - 3 scrolls of amnesia {unknown}
 f - 10 scrolls of identify {unknown}
 g - a scroll of fog {unknown}
 h - 4 scrolls of blinking
 j - 3 scrolls of holy word {unknown}
 n - a scroll of silence {unknown}
 r - 5 scrolls of enchant weapon {unknown}
 t - 6 scrolls of vulnerability {unknown}
 w - a scroll of torment {unknown}
 x - 3 scrolls of magic mapping
 B - a scroll of immolation {unknown}
 J - a scroll of enchant armour {unknown}
 Q - a scroll of summoning {unknown}
Potions
 d - 5 potions of flight
 l - 3 potions of curing
 q - 3 potions of might {unknown}
 s - 4 potions of heal wounds
 u - a potion of brilliance {unknown}
 D - a potion of mutation {unknown}
 E - 2 potions of degeneration {unknown}
 I - a potion of attraction {unknown}
 S - a potion of invisibility {unknown}


   Skills:
 - Level 4.0 Fighting
 + Level 5.9 Armour
 - Level 3.3 Dodging
 - Level 3.2 Stealth
 * Level 16.7 Spellcasting
 + Level 10.7 Conjurations
 - Level 1.1 Summonings
 - Level 1.1 Translocations
 + Level 9.3 Fire Magic
 - Level 1.0 Ice Magic
 - Level 1.1 Air Magic
 - Level 1.0 Poison Magic
 - Level 1.1 Evocations


You had 27 spell levels left.
You knew the following spells:

 Your Spells              Type           Power      Damage    Failure   Level
a - Magic Dart            Conj           100%       1d8       1%          1
b - Mephitic Cloud        Conj/Pois/Air  51%        N/A       1%          3
c - Call Imp              Summ           32%        N/A       2%          2
d - Blink                 Tloc           64%        N/A       2%          2
e - Conjure Flame         Conj/Fire      73%        6-21      1%          3
f - Foxfire               Conj/Fire      100%       2x1d9     1%          1
g - Freezing Cloud        Conj/Ice/Air   26%        6-21      3%          5

Your spell library contained the following spells:

 Spells                   Type           Power      Damage    Failure   Level
 Airstrike                Air            16%        N/A       4%          4
 Freeze                   Ice            100%       1d11      1%          1
 Poisonous Vapours        Pois/Air       64%        N/A       1%          2
 Dazzling Flash           Conj/Hex       100%       N/A       1%          3
 Frozen Ramparts          Ice            64%        1d8       1%          3
 Ignite Poison            Fire/Tmut/Pois 47%        N/A       1%          3
 Fulminant Prism          Conj/Hex       28%        3d14      1%          4
 Hailstorm                Conj/Ice       58%        3d13      1%          4
 Iskenderun's Mystic Bla  Conj/Tloc      58%        2d12      1%          4
 Sticky Flame             Conj/Fire      73%        2d9       1%          4
 Slow                     Hex            100%       N/A       2%          1
 Corpse Rot               Necr/Air       58%        N/A       2%          2
 Gell's Gravitas          Tloc           32%        N/A       4%          3
 Lesser Beckoning         Tloc           32%        N/A       4%          3
 Teleport Other           Tloc           32%        N/A       4%          3
 Lee's Rapid Deconstruct  Erth           12%        3d10*     17%         5
 Silence                  Hex/Air        14%        N/A       45%         5
 Agony                    Necr           25%        N/A       54%         5


Dungeon Overview and Level Annotations

Branches:
Dungeon (14/15)            Temple (0/1) D:6            Lair (0/6) D:8
    Orc (0/2) D:12          Sewer (visited)
 Vaults: D:13-14

Altars:
Elyvilon
Qazlal
Trog
Vehumet

Shops:
D:3 *   D:5 ?   D:13 *

Portals:
Trove: D:10 (give +7 demon whip)

Annotations:
D:6 2 runed translucent doors, SensoryNuts's ghost, novice DsGl
D:12 1 transporter, Qusurap's ghost, journeyman GnAK


Message History

Here: a phantasmal warrior (ally target)
The floor.
Unknown command.
Press: ? - help, v - describe, . - travel
Here: a phantasmal warrior (ally target)
The floor.
Unknown command.
Casting: Conjure Flame (safe; 1% risk of failure)
Confirm with . or Enter, or press ? or * to list all spells.
Aiming: Freezing Cloud (dangerous; 3% risk of failure)
Press: ? - help, Dir - move target, f - phantasmal warrior
Aim: a phantasmal warrior (ally target) Really fire in your crimson imp's direction?
Your crimson imp is engulfed in freezing vapours.
You kill your crimson imp!
Your crimson imp disappears in a puff of smoke!
The phantasmal warrior is engulfed in freezing vapours.
Unknown command.
Your +2 whip of venom stops dripping with poison.
You feel a bond with your +2 spectral quarterstaff.
R - a +2 spectral quarterstaff (weapon)
Unknown command.
You hit the phantasmal warrior.
The phantasmal warrior is lightly damaged.
The phantasmal warrior is engulfed in blazing flames.
The phantasmal warrior hits you!!
Unknown command.
Unknown command.
You barely miss the phantasmal warrior.
The phantasmal warrior is lightly damaged.
The phantasmal warrior is engulfed in blazing flames.
The phantasmal warrior hits you.
The phantasmal warrior is engulfed in blazing flames.
The phantasmal warrior hits you!!
* * * LOW HITPOINT WARNING * * *
Unknown command.
Casting: Freezing Cloud (dangerous; 3% risk of failure)
Confirm with . or Enter, or press ? or * to list all spells.
You blink.
You are engulfed in freezing vapours.
You die...

# #.#####.#......©#O#..# ##
#.........##.#..#O.##.
.###########.####....#..# .
.J§)..# #.# ##...#.#..# #.
.####.# #.######..#..... ... ##
#.# #.....##..#########.#. #
#.# ####...##### .......( #.#
#§..# ##.#..... #.# #.@.#
##........ #.#
#§§§######......... #.#
#§§§W§÷.[........>.
###.#########...#####.........#
#.................5..........##
#.........................#....
#...##.................####.###
#..###.####.#....####..# .#
#..###.# #.#............. ..


You could see a phantasmal warrior.

Vanquished Creatures
  Josephine (D:12)
  Fannar (D:12)
  A skeletal warrior (D:12)
  A deep elf pyromancer (D:12)
  An ugly thing (D:12)
  A cyclops (D:11)
  A manticore (D:12)
  Joseph (D:10)
  A komodo dragon (D:12)
  2 kobold demonologists (D:11)
  2 unseen horrors
  4 trolls
  A hornet (D:11)
  Grinder (D:3)
  10 slime creatures (D:12)
  A shadow (D:11)
  6 wyverns
  A vampire (D:10)
  5 wraiths
  Eustachio (D:6)
  14 yaks
  2 steam dragons (D:6)
  4 vampire mosquitoes (D:12)
  3 wargs (D:12)
  7 water moccasins
  5 orc warriors
  3 sky beasts
  2 black bears
  3 ice beasts
  3 ogres
  A necrophage (D:6)
  5 centaurs
  3 phantoms
  5 kobold brigands
  A gnoll sergeant (D:6)
  8 bullfrogs
  A water moccasin skeleton (D:7)
  4 killer bees (D:6)
  2 howler monkeys
  A bullfrog zombie (D:6)
  2 centaur zombies
  A centaur skeleton (D:6)
  A hound (D:5)
  A bullfrog skeleton (D:7)
  4 orc priests
  2 iguanas
  5 orc wizards
  A hound zombie (D:5)
  2 howler monkey zombies
  11 gnolls
  3 river rats (Sewer)
  4 adders
  A shadow imp (D:7)
  2 white imps
  5 dart slugs
  11 orcs
  4 bats
  6 endoplasms
  3 giant cockroaches
  7 goblins
  4 hobgoblins
  6 jackals
  7 quokkas
  6 ball pythons
  4 frilled lizards
  21 kobolds
  9 rats
  A foxfire (D:10)
254 creatures vanquished.

Vanquished Creatures (collateral kills)
  A bullfrog zombie (D:6)
1 creature vanquished.

Vanquished Creatures (others)
  An orc (D:6)
  A bush (D:8)
  621 foxfires
  7 fungi (D:8)
  21 plants (D:8)
651 creatures vanquished.

Grand Total: 906 creatures vanquished

Notes
Turn   | Place    | Note
-------+----------+-------------------------------------------
     0 | D:1      | pokeman the Deep Elf Hedge Wizard began the quest for the
                  | Orb.
     0 | D:1      | Reached XP level 1. HP: 10/10 MP: 7/7
   182 | D:1      | Reached XP level 2. HP: 7/16 MP: 1/9
   392 | D:1      | Found a faded altar of an unknown god.
   777 | D:1      | Reached skill level 5 in Spellcasting
   983 | D:1      | Reached XP level 3. HP: 17/20 MP: 5/11
   987 | D:1      | Learned a level 3 spell: Mephitic Cloud
   990 | D:1      | Learned a level 2 spell: Call Imp
   993 | D:1      | Learned a level 2 spell: Blink
   997 | D:1      | Learned a level 3 spell: Conjure Flame
  1508 | D:2      | Reached skill level 1 in Fighting
  1508 | D:2      | Reached skill level 1 in Armour
  1752 | D:2      | Reached XP level 4. HP: 25/25 MP: 10/13
  2138 | D:2      | Reached skill level 1 in Fire Magic
  2606 | D:3      | Reached skill level 6 in Spellcasting
  2677 | D:3      | Noticed a sky beast
  2695 | D:3      | Killed a sky beast
  2696 | D:3      | Reached skill level 1 in Air Magic
  2696 | D:3      | Reached XP level 5. HP: 29/29 MP: 4/16
  3065 | D:3      | Noticed Grinder
  3200 | D:3      | Found Ynymowuy's Assorted Antiques.
  3495 | D:3      | Noticed a phantom
  3504 | D:3      | Killed a phantom
  3505 | D:3      | Reached XP level 6. HP: 32/34 MP: 8/17
  3679 | D:3      | Killed Grinder
  3680 | D:3      | Reached skill level 5 in Conjurations
  3851 | D:3      | Reached skill level 1 in Poison Magic
  4013 | D:4      | Reached XP level 7. HP: 38/38 MP: 11/19
  4136 | D:4      | Reached skill level 7 in Spellcasting
  4155 | D:4      | Reached skill level 1 in Ice Magic
  4210 | D:4      | Found a white marble altar of Elyvilon.
  4265 | D:4      | Found a glowing drain.
  4280 | Sewer    | Entered a sewer
  4635 | Sewer    | Found a white marble altar of Elyvilon.
  4711 | D:4      | Learned a level 5 spell: Freezing Cloud
  5784 | D:5      | Entered Level 5 of the Dungeon
  6003 | D:5      | Found Beagisim's Magic Scroll Shoppe.
  6011 | D:5      | Bought a scroll of magic mapping for 42 gold pieces
  6011 | D:5      | Bought a scroll of noise for 12 gold pieces
  6011 | D:5      | Bought a scroll of blinking for 90 gold pieces
  6175 | D:5      | Found a radiant altar of Vehumet.
  6181 | D:5      | Became a worshipper of Vehumet
  6602 | D:6      | Reached skill level 8 in Spellcasting
  6701 | D:6      | Reached XP level 8. HP: 42/44 MP: 11/22
  6906 | D:6      | Found a runed translucent door.
  6909 | D:6      | Noticed SensoryNuts's ghost (novice DsGl)
  6952 | D:6      | Reached skill level 9 in Spellcasting
  7367 | D:6      | Noticed Eustachio
  7383 | D:6      | Killed Eustachio
  7866 | D:6      | Reached skill level 10 in Spellcasting
  7877 | D:6      | Reached XP level 9. HP: 43/48 MP: 12/25
  8240 | D:6      | Found a runed translucent door.
  8414 | D:6      | Reached skill level 1 in Evocations
  8573 | D:6      | Found a staircase to the Ecumenical Temple.
  8591 | D:6      | Reached skill level 11 in Spellcasting
  8912 | D:6      | Reached * piety under Vehumet
  8912 | D:6      | Offered knowledge of Foxfire by Vehumet.
  8915 | D:6      | Learned a level 1 spell: Foxfire
  8996 | D:7      | Reached skill level 5 in Fire Magic
  9545 | D:7      | Reached skill level 12 in Spellcasting
 10046 | D:8      | Found a bloodstained altar of Trog.
 10084 | D:8      | Found a stormy altar of Qazlal.
 10148 | D:8      | Reached XP level 10. HP: 42/56 MP: 23/28
 10787 | D:8      | Reached skill level 13 in Spellcasting
 10854 | D:8      | Offered knowledge of Scorch by Vehumet.
 10863 | D:8      | Reached ** piety under Vehumet
 11192 | D:8      | Found a staircase to the Lair.
 11860 | D:8      | Reached skill level 14 in Spellcasting
 12624 | D:9      | Reached XP level 11. HP: 58/61 MP: 25/31
 12970 | D:10     | Entered Level 10 of the Dungeon
 13251 | D:10     | Offered knowledge of Inner Flame by Vehumet.
 13779 | D:10     | Found a portal to a secret trove of treasure.
 13795 | D:10     | Noticed Joseph
 13816 | D:10     | Killed Joseph
 14698 | D:11     | Reached skill level 15 in Spellcasting
 14813 | D:11     | You fall into a shaft and drop 3 floors!
 14835 | D:13     | Found Bokkaff's Assorted Antiques.
 14968 | D:12     | Noticed Qusurap's ghost (journeyman GnAK)
 14969 | D:12     | Found a transporter.
 14969 | D:12     | Noticed a two-headed ogre
 14970 | D:12     | Noticed a two-headed ogre
 14970 | D:12     | Noticed a two-headed ogre
 14971 | D:12     | Noticed a two-headed ogre
 14973 | D:12     | Identified the +9 great mace of Imuotufusm {drain, MP+9
                  | Str+4 Dex+3}
 14973 | D:12     | Noticed an ettin
 15188 | D:12     | Reached *** piety under Vehumet
 15209 | D:12     | Noticed a deep elf pyromancer
 15220 | D:12     | Killed a deep elf pyromancer
 15221 | D:12     | Reached skill level 10 in Conjurations
 15378 | D:12     | Reached skill level 5 in Armour
 15785 | D:12     | Noticed a brown ugly thing
 15787 | D:12     | Noticed a phantasmal warrior
 15797 | D:11     | Identified the +0 robe "Bumerghiu" {Rampage rCorr}
 15997 | D:12     | Noticed Josephine
 16024 | D:12     | Killed Josephine
 16025 | D:12     | Reached skill level 16 in Spellcasting
 16223 | D:12     | Reached XP level 12. HP: 66/66 MP: 23/34
 16287 | D:12     | Offered knowledge of Airstrike by Vehumet.
 16390 | D:12     | Noticed Fannar
 16401 | D:12     | Killed Fannar
 16519 | D:12     | Found a staircase to the Orcish Mines.
 16673 | D:12     | Noticed a death knight
 16804 | D:12     | Upgraded the game from 0.28-a0-1117-g0bdd5ba030 to
                  | 0.28-a0-1130-gc51a68064b
 16843 | D:12     | Engulfed by a cloud of freezing vapour

Illustrated notes

Levels and vault maps discovered:
D:1:      erik_arrival_orb_chamber, layout_basic,
          hellmonk_ecumenical_altar_slurped_away
D:2:      layout_loops_ring, wad_floor_pattern_2, grunt_ministairs_12
D:3:      layout_basic, serial_shops, nicolae_shop_hallway_stairs, st_stairs_10,
          uniq_grinder
D:4:      layout_layer_cave, mainiacjoe_overflow_concentric_impassable,
          portal_sewer_entry_f
D:5:      layout_cave_pods, nicolae_vehumet_altar_sigil, serial_shops, shop,
          minmay_splitting_lines
D:6:      layout_basic, minmay_temple_entry_butterflies, ebering_ghost_sewer_f,
          minmay_manual_mess, uniq_eustachio
D:7:      layout_cave_pools, roderic_roman_lattice
D:8:      minmay_general_purpose_star, layout_cave_pods, lemuel_crystal_altar,
          nicolae_qazlal_style_of_elements, minmay_lair_entry_grove
D:9:      layout_grid_maze
D:10:     layout_layer_cave, nicolae_trove_entry_free_sample, uniq_joseph
D:11:     layout_roguey
D:12:     layout_loops_cross, minmay_orc_entry_guard_dogs,
          gammafunk_ghost_smash, uniq_fannar, uniq_josephine
D:13:     layout_loops_corners, lightli_vaults_fourway_checkpoint, serial_shops,
          shop, kennysheep_nub
D:14:     layout_roguey, minmay_crystal_room, kennysheep_vampire_church,
          uniq_snorg

Skill      XL: |  1  2  3  4  5  6  7  8  9 10 11 12 |
---------------+-------------------------------------+-----
Spellcasting   | 5 6 8 10 12 14 16 | 16.7
Fighting       | 1 2 3 4 |  4.0
Armour         | 1 2 3 5 |  5.9
Conjurations   | 2 3 5 6 8 9 10 | 10.7
Fire Magic     | 1 2 4 5 7 8 9 |  9.3
Dodging        | 3 |  3.3
Air Magic      | 1 |  1.1
Poison Magic   | 1 |  1.0
Stealth        | 3 |  3.2
Ice Magic      | 1 |  1.0
Evocations     | 1 |  1.1
Summonings     | |  1.1
Translocations | |  1.1

Action                   |  1- 3 |  4- 6 |  7- 9 | 10-12 || total
-------------------------+-------+-------+-------+-------++-------
Melee: Flail             |     2 |       |       |       ||     2
       Whip              |       |       |   101 |   125 ||   226
       Quarterstaff      |       |       |       |    11 ||    11
 Fire: Shortbow          |       |       |       |   112 ||   112
Throw: Throwing net      |       |     1 |       |       ||     1
 Cast: Magic Dart        |    85 |   120 |   141 |    12 ||   358
       Call Imp          |     2 |     1 |     2 |    20 ||    25
       Conjure Flame     |       |     3 |    15 |    84 ||   102
       Mephitic Cloud    |       |       |    25 |    30 ||    55
       Blink             |       |       |     6 |     7 ||    13
       Foxfire           |       |       |    96 |   237 ||   333
       Freezing Cloud    |       |       |       |     1 ||     1
 Stab: Sleeping          |     1 |       |     1 |     1 ||     3
       Confused          |       |       |    11 |     7 ||    18
Armor: Robe              |     1 |     4 |     2 |       ||     7
       Leather armour    |       |       |    24 |    38 ||    62
       Troll leather arm |       |       |       |    18 ||    18
Dodge: Dodged            |    13 |     8 |    70 |   107 ||   198

Table legend: (Time is in decaauts)
 A = Elapsed time spent in this place.
 B = Non-inter-level travel time spent in this place.
 C = Inter-level travel time spent in this place.
 D = Time resting spent in this place.
 E = Time spent auto-exploring this place.
 F = Levels seen in this place.
 G = Mean time per level.
                   A        B        C        D        E       F      G
               +--------+--------+--------+--------+--------+-----+--------+
         Total |  16939 |  16417 |    522 |    625 |  12602 |  15 | 1129.3 |
       Dungeon |  16515 |  15993 |    522 |    620 |  12239 |  14 | 1179.6 |
         Sewer |    423 |    423 |      0 |      5 |    362 |   1 |  423.0 |
               +--------+--------+--------+--------+--------+-----+--------+

Top non-repeatable levels by time:
     D:6: 2411 daAuts
     D:8: 2168 daAuts
    D:12: 1518 daAuts
     D:4: 1415 daAuts
     D:2: 1350 daAuts
    D:10: 1349 daAuts
     D:3: 1320 daAuts
     D:1: 1305 daAuts
     D:7: 1098 daAuts
    D:11: 897 daAuts
     D:5: 791 daAuts
     D:9: 733 daAuts
   Sewer: 423 daAuts
    D:13: 133 daAuts
    D:14: 21 daAuts
